 Dungeon Crawl Stone Soup version 0.19.1-1-g22dce08 (webtiles) character file.

184 esteth the Chopper (level 5, -3/46 HPs)
             Began as a Minotaur Fighter on Jan 1, 2017.
             Slain by an ogre
             ... wielding a +0 giant spiked club
              (10 damage)
             ... on level 4 of the Dungeon.
             The game lasted 00:07:47 (2292 turns).

esteth the Chopper (Minotaur Fighter)               Turns: 2292, Time: 00:07:48

Health: -3/46      AC: 15    Str: 21    XL:     5   Next: 36%
Magic:  4/4        EV:  4    Int:  5    God:
Gold:   141        SH:  9    Dex: 10    Spells: 0 memorised, 4 levels left

rFire  . . .     SeeInvis .     a - +0 war axe
rCold  + . .     Gourm    .     l - +0 plate armour
rNeg   . . .     Faith    .     c - +0 shield
rPois  .         Spirit   .     (helmet restricted)
rElec  .         Reflect  .     q - +0 cloak
rCorr  .         Harm     .     k - +0 pair of gloves
MR     .....                    (no boots)
Stlth  ..........               (no amulet)
                                o - ring of protection from cold
                                g - +1 ring of protection

@: no status effects
A: retaliatory headbutt, horns 2
a: no special abilities


You were on level 4 of the Dungeon.
You were hungry.

You visited 1 branch of the dungeon, and saw 4 of its levels.

You collected 141 gold pieces.

Inventory:

Hand Weapons
 a - a +0 war axe (weapon)
Armour
 b - a +0 scale mail
 c - a +0 shield (worn)
 i - a +2 ring mail of fire resistance
 k - a +0 pair of gloves (worn)
 l - a +0 plate armour (worn)
 q - a +0 cloak (worn)
Jewellery
 g - a +1 ring of protection (left hand)
 o - a ring of protection from cold (right hand)
 p - an uncursed ring of ice
Scrolls
 e - 3 scrolls of remove curse
 h - 2 scrolls of teleportation
 j - 2 scrolls of identify
 m - a scroll of enchant armour
 s - a scroll of magic mapping {unknown}
Potions
 d - 2 potions of might
 n - a potion of berserk rage {unknown}
 t - a potion of haste
 v - a potion of ambrosia {unknown}
Comestibles
 f - a bread ration
 r - a beef jerky
 u - a meat ration


   Skills:
 - Level 3.9 Fighting
 + Level 6.5 Axes
 - Level 3.7 Armour
 - Level 3.7 Shields


You had 4 spell levels left.
You didn't know any spells.

Dungeon Overview and Level Annotations

Branches:
Dungeon (4/15)
 Temple: D:4-7

Altars:
The Shining One


Innate Abilities, Weirdness & Mutations

You reflexively headbutt those who attack you in melee.
You have a pair of horns on your head.


Message History

There is an open door here.
You open the door.
There is an open door here.
You open the door.
An ogre comes into view. It is wielding a giant spiked club.
The ogre shouts!
You block the ogre's attack.
There is an open door here.
You slash the ogre!
The ogre is moderately wounded.
The ogre hits you with a giant spiked club!!
Ouch! That really hurt!
Your shield and plate armour prevent you from hitting the ogre.
The ogre is moderately wounded.
The ogre hits you with a giant spiked club!
* * * LOW HITPOINT WARNING * * *
You slash the ogre! Your headbutt misses the ogre.
The ogre is severely wounded.
The ogre hits you with a giant spiked club!
You die...

....
+.............'.....(.#..
....
#.............#.......#..
#+###.######.####.##.###.
.######.####.##.###.
#....'....#........
#....#....#........
+....#....#........
#....#....#........
##@###...########## #O#
#+### ... ....+ #....#
#....# ######


You could see an ogre.

Vanquished Creatures
  A hound (D:3)
  An orc priest (D:3)
  Terence (D:3)
  3 adders
  An adder skeleton (D:4)
  A worm (D:3)
  A leopard gecko (D:3)
  2 orcs (D:3)
  7 giant cockroaches
  5 goblins
  6 hobgoblins
  3 jackals (D:1)
  7 kobolds
  3 ball pythons
  6 bats
  4 frilled lizards
  A jackal zombie (D:1)
  3 leopard gecko skeletons
  A quokka zombie (D:1)
  9 rats
66 creatures vanquished.

Notes
Turn   | Place    | Note
-------+----------+-------------------------------------------
     0 | D:1      | esteth the Minotaur Fighter began the quest for the Orb.
     0 | D:1      | Reached XP level 1. HP: 19/19 MP: 0/0
   140 | D:1      | Reached XP level 2. HP: 19/27 MP: 1/1
   306 | D:1      | Reached skill level 3 in Axes
   821 | D:2      | Reached XP level 3. HP: 33/33 MP: 2/2
   978 | D:2      | Reached skill level 4 in Axes
  1289 | D:2      | Found a glowing golden altar of the Shining One.
  1443 | D:3      | Noticed Terence
  1447 | D:3      | Killed Terence
  1447 | D:3      | Reached skill level 5 in Axes
  1447 | D:3      | Reached XP level 4. HP: 39/40 MP: 3/3
  1685 | D:3      | Reached skill level 6 in Axes
  1685 | D:3      | Reached XP level 5. HP: 37/46 MP: 4/4
  2288 | D:4      | Noticed an ogre
  2292 | D:4      | Slain by an ogre

Skill      XL: |  1  2  3  4 |
---------------+-------------+-----
Axes           | 3 5 6 |  6.5
Fighting       | |  3.9
Armour         | |  3.7
Shields        | |  3.7

Action                   |  1- 3 |  4- 6 || total
-------------------------+-------+-------++-------
Melee: War axe           |   116 |    64 ||   180
       Headbutt          |    15 |    10 ||    25
  Use: Scroll            |     7 |       ||     7
  Eat: Chunk             |     2 |     2 ||     4
Armor: Scale mail        |    10 |       ||    10
       Ring mail         |    29 |       ||    29
       Plate armour      |    15 |    22 ||    37
Dodge: Dodged            |    37 |     9 ||    46
Block: Shield            |    64 |    31 ||    95
